 Dungeon Crawl Stone Soup version 0.31-a0-233-g139696dc86 (webtiles) character file.

Game seed: 16936297567029097960

85 qw the Shooter (level 4, -10/26 HPs)
             Began as a Gargoyle Hexslinger on July 8, 2023.
             Mangled by an ogre
             ... wielding a +0 giant club
              (20 damage)
             ... on level 3 of the Dungeon.
             The game lasted 00:00:38 (1679 turns).

qw the Shooter (Gargoyle Hexslinger)                Turns: 1679, Time: 00:00:38

Health: -10/26     AC:  9    Str: 11    XL:     4   Next: 48%
Magic:  5/5        EV: 10    Int: 14    God:
Gold:   138        SH:  0    Dex: 14    Spells: 4/5 levels left

rFire   . . .        Y - +1 sling
rCold   . . .        (no shield)
rNeg    + . .        j - +0 ring mail
rPois   inf          (no helmet)
rElec   +            (no cloak)
rCorr   .            (no gloves)
SInv    .            e - +0 pair of boots
Will    .....        (no amulet)
Stlth   +            (no ring)
HPRegen 0.24/turn    (no ring)
MPRegen 0.09/turn

%: no passive effects
@: no status effects
A: sickness immunity, AC +3, negative energy resistance 1, electricity
resistance, torment resistance 1, petrification resistance
a: no special abilities


You were on level 3 of the Dungeon.
You visited 1 branch of the dungeon, and saw 3 of its levels.

You collected 138 gold pieces.


Innate Abilities, Weirdness & Mutations

You are immune to sickness and miasma.
Your stone body is resilient. (AC +3)
You are immune to poison.
You resist negative energy. (rN+)
You are resistant to electric shocks. (rElec)
You are resistant to unholy torment.
You are immune to petrification.


   Skills:
 - Level 2.0 Fighting
 + Level 4.0 Ranged Weapons
 - Level 1.0 Armour
 - Level 1.5 Dodging
 - Level 1.0 Spellcasting
 - Level 2.6 Hexes


You had 4 spell levels left.
You knew the following spells:

 Your Spells              Type           Power      Damage    Failure   Level
a - Slow                  Hex            32%        N/A       21%         1

Your spell library contained the following spells:

 Spells                   Type           Power      Damage    Failure   Level
 Inner Flame              Hex/Fire       4%         N/A       71%         3
 Portal Projectile        Hex/Tloc       8%         N/A       71%         3
 Cause Fear               Hex            4%         N/A       90%         4

Inventory:

Hand Weapons
 Y - a +1 sling (weapon)
Armour
 e - a +0 pair of boots (worn)
 j - a +0 ring mail (worn)
Scrolls
 a - 2 scrolls of identify
 f - a scroll of amnesia {unknown}
 h - a scroll of enchant weapon {unknown}
 l - 3 scrolls of fog {unknown}
Potions
 b - 2 potions of invisibility {unknown}
 c - a potion of heal wounds
 d - a potion of mutation {unknown}
 g - a potion of might {unknown}
 i - a potion of cancellation
 k - a potion of curing

Dungeon Overview and Level Annotations

Branches:
Dungeon (3/15)

Altars:
Yredelemnul


Message History

The goblin closely misses you.
You shoot a sling bullet. The sling bullet hits the goblin.
The goblin is moderately wounded.
The goblin closely misses you. The goblin hits you with a +0 club.
You shoot a sling bullet. The sling bullet hits the goblin.
You kill the goblin!
The goblin hits you but does no damage. The goblin barely misses you.
The goblin hits you with a +0 club.
You shoot a sling bullet. The sling bullet hits the goblin!
You kill the goblin!
The goblin hits you but does no damage.
You shoot a sling bullet.
The sling bullet closely misses the goblin.
The sling bullet hits the goblin.
The goblin is almost dead.
The goblin hits you with a +0 club. x2
You shoot a sling bullet.
The sling bullet closely misses the goblin.
The sling bullet misses the goblin.
The goblin closely misses you.
The goblin hits you but does no damage. x2
The goblin hits you with a +0 club.
You shoot a sling bullet.
The sling bullet barely misses the goblin.
The sling bullet closely misses the goblin.
The goblin hits you but does no damage. x2
You shoot a sling bullet. The sling bullet hits the goblin.
You kill the goblin!
The goblin barely misses you. The goblin hits you but does no damage.
The ogre barely misses you.
You shoot a sling bullet. The sling bullet hits the ogre.
The ogre is lightly wounded.
The goblin hits you but does no damage.
You shoot a sling bullet. The sling bullet hits the ogre.
The ogre is moderately wounded.
The ogre barely misses you. The goblin misses you.
You shoot a sling bullet. The sling bullet hits the ogre.
The ogre is heavily wounded.
The ogre hits you with a +0 giant club!!
Ouch! That really hurt!
You die...

###########
#.........#
#.........#
#.........# ###
#.........# ..#
##### #.........#
#.#
#..)###.....#####
..#
#..........g#(..#
.##
#...#.#....@Og..#
##
#...#.#######g..#
######........#
###
##......###...#
#..####..##...#
#.######.##...#
..##..........#
..##..........#
..........#...#


You could see an ogre and 3 goblins.

Vanquished Creatures
  3 adders
  A worm (D:2)
  4 dart slugs
  7 ball pythons
  6 endoplasms
  A giant cockroach (D:1)
  9 goblins
  3 hobgoblins
  2 kobolds (D:2)
  5 bats
  4 rats
45 creatures vanquished.

Notes
Turn   | Place    | Note
-------+----------+-------------------------------------------
     0 | D:1      | qw the Gargoyle Hexslinger began the quest for the Orb.
     0 | D:1      | Reached XP level 1. HP: 12/12 MP: 2/2
     0 | D:1      | 0 ||| qw: Version: 0.3-a-46-gb1f654a
     0 | D:1      | 0 ||| qw: Game counter: 3544
     0 | D:1      | 0 ||| qw: Melee chars always use a shield: true
     0 | D:1      | 0 ||| qw: God list: Okawaru
     0 | D:1      | 0 ||| qw: Allow faded altars: false
     0 | D:1      | 0 ||| qw: Do Orc after clearing Dungeon:15 true
     0 | D:1      | 0 ||| qw: Do second Lair branch before Depths: true
     0 | D:1      | 0 ||| qw: Lair rune preference: random
     0 | D:1      | 0 ||| qw: Goals: Normal
     0 | D:1      | 0 ||| PLANNING D:1-11
   162 | D:1      | Reached XP level 2. HP: 16/16 MP: 3/3
   199 | D:1      | 199 ||| FLEEEEING.
   219 | D:1      | Reached skill level 3 in Ranged Weapons
   572 | D:1      | 572 ||| UPGRADING to +0 leather armour.
   582 | D:1      | 582 ||| DROPPING +0 robe.
   583 | D:1      | 583 ||| UPGRADING to +0 pair of boots.
   588 | D:1      | 588 ||| UPGRADING to +0 ring mail.
   598 | D:1      | 598 ||| DROPPING +0 leather armour.
   599 | D:1      | 599 ||| READING 3 scrolls labelled DIUFOFRITU.
   600 | D:1      | 600 ||| READING scroll labelled EDO YLULOEPHU.
   601 | D:1      | 601 ||| READING scroll labelled GIOVYL GEMIODU.
   602 | D:1      | 602 ||| READING 2 scrolls of identify.
   602 | D:1      | 602 ||| IDENTIFYING dark potion
   603 | D:1      | 603 ||| DROPPING scroll of poison.
   634 | D:2      | 634 ||| STAIRDANCE
   638 | D:1      | Reached XP level 3. HP: 18/21 MP: 4/4
   644 | D:1      | HP: 3/21 [frozen (3)]
   809 | D:2      | Reached skill level 1 in Armour
   906 | D:2      | Reached XP level 4. HP: 26/26 MP: 5/5
  1260 | D:2      | 1260 ||| READING scroll labelled ISAOHO TEMNAIN.
  1261 | D:2      | 1261 ||| DRINKING 2 bubbling inky potions.
  1262 | D:2      | 1262 ||| READING 2 scrolls of identify.
  1262 | D:2      | 1262 ||| IDENTIFYING metallic red potion
  1459 | D:3      | Found a basalt altar of Yredelemnul.
  1662 | D:3      | Reached skill level 4 in Ranged Weapons
  1665 | D:3      | Noticed an ogre
  1679 | D:3      | Mangled by an ogre

Levels and vault maps discovered:
D:1:      scummos_arrival_forest, layout_basic
D:2:      layout_rooms, hangedman_decor_points, minivault_27
D:3:      layout_rooms, yredelemnul_altar_generic, minmay_crystal_water,
          minmay_ogre_servants

Skill      XL: |  1  2  3  4 |
---------------+-------------+-----
Ranged Weapons | 3 4 |  4.0
Fighting       | 2 |  2.0
Armour         | 1 |  1.0
Dodging        | |  1.5
Spellcasting   | |  1.0
Hexes          | |  2.6

Action                     |  1- 3 |  4- 6 || total
---------------------------+-------+-------++-------
   Fire: Sling             |    82 |    44 ||   126
    Use: Scroll            |     4 |     2 ||     6
         Potion            |       |     1 ||     1
 Armour: Ring mail         |    37 |    14 ||    51
  Dodge: Dodged            |    31 |    20 ||    51

Table legend:
 A = Non-vault XP
 B = Vault XP
 C = Vault XP percentage of total XP
 D = Non-vault monster count
 E = Vault monster count
 F = Vault count percentage of total count
                 A         B        C        D         E       F
            +---------+---------+-------+---------+---------+-------
      Total |     114 |       8 |   6.6 |      40 |       5 |  11.1
            +---------+---------+-------+---------+---------+-------
        D:1 |      44 |       0 |   0.0 |      16 |       0 |   0.0
        D:2 |      46 |       0 |   0.0 |      16 |       0 |   0.0
        D:3 |      24 |       8 |  25.0 |       8 |       5 |  38.5
            +---------+---------+-------+---------+---------+-------
